 Dungeon Crawl Stone Soup version 0.31-a0-968-g24f9ace8b5 (webtiles) character file.

Game seed: 1771562453331051800

50 retardedninja the Firebug (level 3, -1/20 HPs)
             Began as a Gargoyle Fire Elementalist on Oct 27, 2023.
             Slain by Grinder (2 damage)
             ... while paralysed by Grinder
             ... on level 3 of the Dungeon.
             The game lasted 00:04:04 (1871 turns).

retardedninja the Firebug (GrFE)                    Turns: 1871, Time: 00:04:05

Health: -1/20      AC:  5    Str: 11    XL:     3   Next: 79%
Magic:  0/6        EV:  2    Int: 17    God:
Gold:   76         SH:  0    Dex: 10    Spells: 3/6 levels left

rFire   . . .        (no weapon)
rCold   . . .        (no shield)
rNeg    + . .        a - +0 robe
rPois   ∞            (no helmet)
rElec   +            (no cloak)
rCorr   .            (no gloves)
SInv    .            (no boots)
Will    .....        (no amulet)
Stlth   ++           (no ring)
HPRegen 0.23/turn    (no ring)
MPRegen 0.10/turn

%: no passive effects
@: paralysed
A: sickness immunity, AC +3, negative energy resistance 1, electricity
resistance, torment resistance 1, petrification resistance
a: no special abilities


You were on level 3 of the Dungeon.
You visited 1 branch of the dungeon, and saw 3 of its levels.

You collected 76 gold pieces.

Inventory:

Armour
 a - a +0 robe (worn)
Jewellery
 i - a ring of protection from cold
 l - a +5 ring of evasion
Scrolls
 d - a scroll of immolation {unknown}
 e - 3 scrolls of vulnerability {unknown}
 h - a scroll of teleportation {unknown}
 j - 2 scrolls of identify {unknown}
 n - a scroll of fear {unknown}
Potions
 b - a potion of magic
 c - 3 potions of curing {unknown}
 f - a potion of mutation {unknown}
 g - a potion of resistance {unknown}
 k - 2 potions of attraction {unknown}
 m - a potion of degeneration {unknown}
 o - 2 potions of invisibility {unknown}


   Skills:
 + Level 1.3 Fighting
 - Level 1.5 Dodging
 - Level 2.1 Stealth
 + Level 2.4 Spellcasting
 + Level 2.0 Conjurations
 + Level 3.3 Fire Magic
 + Level 0.9 Air Magic


You had 3 spell levels left.
You knew the following spells:

 Your Spells              Type           Power      Damage    Failure   Level
a - Foxfire               Conj/Fire      44%        2x1d6     6%          1
b - Scorch                Fire           26%        2d6       7%          2

Your spell library contained the following spells:

 Spells                   Type           Power      Damage    Failure   Level
 Inner Flame              Hex/Fire       7%         N/A       28%         3
 Volatile Blastmotes      Fire/Tloc      14%        2d11      28%         3
 Flame Wave               Conj/Fire      11%        2d6       52%         4


Dungeon Overview and Level Annotations

Branches:
Dungeon (3/15)

Altars:

Annotations:
D:3 Grinder


Innate Abilities, Weirdness & Mutations

You are immune to sickness and miasma.
Your stone body is resilient. (AC +3)
You are immune to poison.
You resist negative energy. (rN+)
You are resistant to electric shocks. (rElec)
You are resistant to unholy torment.
You are immune to petrification.


Message History

Grinder blinks!
You climb upwards.
There is a stone staircase leading down here.
You climb downwards.
Level annotation: Grinder
There is a stone staircase leading up here.
You can't go down here!
You climb upwards.
There is a stone staircase leading down here.
You climb downwards.
Level annotation: Grinder Grinder gestures at you.
Pain shoots through your body!
There is a stone staircase leading up here.
Cast which spell? (? or * to list) Flames lash Grinder.
Grinder is lightly wounded.
Grinder's fire resistance burns away.
You hear an angry hiss.
Unknown command.
Casting: Scorch (safe; 7% risk of failure)
Confirm with . or Enter, or press ? or * to list all spells.
Flames lash Grinder.
Grinder is burned terribly!
Grinder is heavily wounded.
Grinder barely misses you.
Unknown command.
Casting: Scorch (safe; 7% risk of failure)
Confirm with . or Enter, or press ? or * to list all spells.
Flames lash Grinder.
Grinder is burned terribly!
Grinder is severely wounded.
Grinder gestures at you.
You suddenly lose the ability to move!
Grinder gestures at you.
You shrug off the repeated paralysis!
Grinder hits you.
You writhe in agony.
Grinder hits you!
* * * LOW HITPOINT WARNING * * *
You writhe in agony.
You die...
Grinder says, "Now the real fun starts!"

######..####.###
.............>...
#######.>.###.##
### #...# ....
#...# .....#...#
.........#
....##..#
....#@..# ###
#5S.......
#..###.### ....
.. ...... ..
........ #
..........
##..........


You could see Grinder (combustible) and an adder.

Vanquished Creatures
  2 gnolls (D:1)
  An adder (D:2)
  A worm (D:2)
  4 ball pythons
  3 endoplasms
  3 goblins
  A kobold (D:2)
  A quokka (D:2)
  A bat (D:1)
  A frilled lizard (D:1)
  3 rats
21 creatures vanquished.

Vanquished Creatures (others)
  124 foxfires
124 creatures vanquished.

Grand Total: 145 creatures vanquished

Notes
Turn   | Place    | Note
-------+----------+-------------------------------------------
     0 | D:1      | retardedninja the Gargoyle Fire Elementalist began the
                  | quest for the Orb.
     0 | D:1      | Reached XP level 1. HP: 10/10 MP: 3/3
   437 | D:1      | Reached XP level 2. HP: 16/16 MP: 3/5
   723 | D:1      | Reached skill level 1 in Fighting
   723 | D:1      | Reached XP level 3. HP: 8/20 MP: 1/6
  1851 | D:3      | Noticed Grinder
  1855 | D:3      | Learned a level 2 spell: Scorch
  1868 | D:3      | Paralysed by Grinder for 4 turns
  1871 | D:3      | HP: 1/20 [Grinder (9)]
  1871 | D:3      | Slain by Grinder

Illustrated notes

Levels and vault maps discovered:
D:1:      psy_arrival_dodecagon, layout_basic,
          nicolae_concentric_dashed_squares_mild
D:2:      layout_rooms, corexii_shack, grunt_decor_junction, feat_on_display
D:3:      layout_basic, jmf_multi_god_temple2, uniq_grinder, uniq_jessica

Skill      XL: |  1  2  3 |
---------------+----------+-----
Fighting       | 1 |  1.3
Conjurations   | 2 |  2.0
Dodging        | |  1.5
Stealth        | |  2.1
Spellcasting   | |  2.4
Fire Magic     | |  3.3
Air Magic      | |  0.9

Action                     || total
---------------------------++-------
   Cast: Foxfire           ||    66
         Scorch            ||     3
 Armour: Robe              ||     8
  Dodge: Dodged            ||     6

Table legend: (Time is in decaauts)
 A = Elapsed time spent in this place.
 B = Non-inter-level travel time spent in this place.
 C = Inter-level travel time spent in this place.
 D = Time resting spent in this place.
 E = Time spent auto-exploring this place.
 F = Levels seen in this place.
 G = Mean time per level.
                   A        B        C        D        E       F      G
               +--------+--------+--------+--------+--------+-----+--------+
         Total |   1872 |   1847 |     25 |      0 |   1628 |   3 |  624.0 |
       Dungeon |   1872 |   1847 |     25 |      0 |   1628 |   3 |  624.0 |
               +--------+--------+--------+--------+--------+-----+--------+

Top non-repeatable levels by time:
     D:1: 1118 daAuts
     D:2: 705 daAuts
     D:3: 48 daAuts
